 Dungeon Crawl Stone Soup version 0.29.1-1-gd02db6906a (webtiles) character file.

Game seed: 11828469110450804245

16 quakins the Chiller (level 2, 0/19 HPs)
             Began as a Merfolk Ice Elementalist on Oct 4, 2022.
             Slain by an endoplasm (1 damage)
             ... on level 1 of the Dungeon.
             The game lasted 00:01:49 (689 turns).

quakins the Chiller (Merfolk Ice Elementalist)       Turns: 689, Time: 00:01:49

Health: 0/19       AC:  2    Str:  8    XL:     2   Next: 58%
Magic:  0/6        EV: 12    Int: 14    God:
Gold:   6          SH:  0    Dex: 14    Spells: 6/7 levels left

rFire   . . .      SeeInvis .   g - +0 dagger
rCold   . . .      Faith    .   (no shield)
rNeg    . . .      Spirit   .   a - +0 robe
rPois   .          Reflect  .   (no helmet)
rElec   .          Harm     .   (no cloak)
rCorr   .          Rampage  .   (no gloves)
Will    .....                   (no boots)
Stlth   ++........              (no amulet)
HPRegen 0.06/turn               (no ring)
MPRegen 0.10/turn               (no ring)

@: no status effects
A: (nimble swimmer 2), mertail
a: no special abilities


You were on level 1 of the Dungeon.
You visited 1 branch of the dungeon, and saw 1 of its levels.

You collected 6 gold pieces.

Inventory:

Hand Weapons
 g - a +0 dagger (weapon)
Armour
 a - a +0 robe (worn)
Jewellery
 c - a ring of magical power
Scrolls
 d - a scroll of silence {unknown}
 e - a scroll of identify {unknown}
 h - a scroll of noise {unknown}
 i - a scroll of acquirement {unknown}
Potions
 b - a potion of magic
 f - a potion of invisibility {unknown}


   Skills:
 - Level 2.6 Dodging
 - Level 2.1 Stealth
 + Level 3.0 Spellcasting
 - Level 4.3 Ice Magic


You had 6 spell levels left.
You knew the following spells:

 Your Spells              Type           Power      Damage    Failure   Level
a - Freeze                Ice            56%        1d7       3%          1

Your spell library contained the following spells:

 Spells                   Type           Power      Damage    Failure   Level
 Frozen Ramparts          Ice            28%        1d5       11%         3
 Ozocubu's Armour         Ice            14%        N/A       11%         3
 Hailstorm                Conj/Ice       8%         3d4       65%         4


Dungeon Overview and Level Annotations

Branches:
Dungeon (1/15)

Altars:


Innate Abilities, Weirdness & Mutations

((You are very nimble when in or above water. (Stealth+, EV+, Speed+++)))
Your lower body shifts to a powerful aquatic tail in water.


Message History

Aiming: Freeze (safe; 3% risk of failure)
Press: ? - help, Q - select action Shift-Dir - straight line, f - endoplasm
Aim: an endoplasm (lightly wounded)
You freeze the endoplasm.
The endoplasm is moderately wounded.
The endoplasm hits you but does no damage.
You don't have enough magic to cast this spell.
Unknown command.
You hit the endoplasm.
The endoplasm is heavily wounded.
The endoplasm barely misses you.
You hit the endoplasm but do no damage.
The endoplasm is heavily wounded.
The ball python misses you. The ball python barely misses you.
An endoplasm comes into view.
The endoplasm hits you but does no damage.
You hit the endoplasm.
You kill the endoplasm!
The ball python closely misses you. The ball python barely misses you.
A kobold comes into view. It is wielding a +0 short sword.
You closely miss the ball python. The ball python barely misses you.
The ball python grabs you. The ball python constricts you.
* * * LOW HITPOINT WARNING * * *
The ball python bites you but does no damage.
The ball python constricts you.
You closely miss the ball python.
The ball python bites you but does no damage.
The ball python constricts you.
* * * LOW HITPOINT WARNING * * *
You escape the ball python's grasp.
The endoplasm jiggles.
Aiming: Freeze (safe; 3% risk of failure)
Press: ? - help, Q - select action Shift-Dir - straight line, f - ball python
Aim: a ball python You freeze the ball python.
You kill the ball python!
Your Spellcasting skill increases to level 3!
The endoplasm attacks as you move away! The endoplasm barely misses you.
The endoplasm attacks as you move away! The endoplasm hits you.
You die...

#....###.##....†. #....
#.##.##..# #... #.##.##).#
#.. .###.##.#...# ...
........#.#.# #####
..##..#...... ##...##
...##.........
#.....######.....##.#.#.##.
#........J@.......>........
#.....########.........###.
##...## # #......#..###.
##.## #.. ..#.###......)
###..###...# # #. #.#.##.#
#..........# #.#.##.#
#.##...###. #.#..#.#
#.##.)## #.##.#.# #.#..##
#.##.#.#


You could see an endoplasm.

Vanquished Creatures
  4 endoplasms (D:1)
  2 goblins (D:1)
  A hobgoblin (D:1)
  4 ball pythons (D:1)
  A bat (D:1)
  A frilled lizard (D:1)
  2 kobolds (D:1)
15 creatures vanquished.

Notes
Turn   | Place    | Note
-------+----------+-------------------------------------------
     0 | D:1      | quakins the Merfolk Ice Elementalist began the quest for
                  | the Orb.
     0 | D:1      | Reached XP level 1. HP: 13/13 MP: 3/3
   524 | D:1      | Reached XP level 2. HP: 18/19 MP: 2/5
   689 | D:1      | Slain by an endoplasm

Illustrated notes

Levels and vault maps discovered:
D:1:      co_arrival_random_square_maze, layout_loops_cross,
          hellmonk_ecumenical_altar_inner_sanctum,
          ebering_dispersal_statue_hall, minmay_cupped

Skill      XL: |  1  2 |
---------------+-------+-----
Spellcasting   | 3 |  3.0
Dodging        | |  2.6
Stealth        | |  2.1
Ice Magic      | |  4.3

Action                   || total
-------------------------++-------
Melee: Short sword       ||     4
       Unarmed           ||     1
       Dagger            ||     7
 Cast: Freeze            ||    20
Armor: Robe              ||     7
Dodge: Dodged            ||    19
